 Dungeon Crawl Stone Soup version 0.31-a0-221-gbddc013574 (webtiles) character file.

Game seed: 11165442238302208675

196 qw the Shooter (level 5, 0/45 HPs)
             Began as a Minotaur Hexslinger on July 4, 2023.
             Killed by divine providence
             ... invoked by an orc priest
              (9 damage)
             ... on level 4 of the Dungeon.
             The game lasted 00:01:15 (2429 turns).

qw the Shooter (Minotaur Hexslinger)                Turns: 2429, Time: 00:01:15

Health: 0/45       AC:  7    Str: 13    XL:     5   Next: 45%
Magic:  5/5        EV: 11    Int: 10    God:
Gold:   149        SH:  0    Dex: 14    Spells: 5/6 levels left

rFire   . . .        Y - +2 sling
rCold   . . .        (no shield)
rNeg    . . .        f - +0 ring mail
rPois   .            (helmet restricted)
rElec   .            (no cloak)
rCorr   .            c - +1 pair of gloves
SInv    .            (no boots)
Will    .....        (no amulet)
Stlth   +            (no ring)
HPRegen 0.27/turn    (no ring)
MPRegen 0.09/turn

%: no passive effects
@: no status effects
A: horns 2, retaliatory headbutt
a: no special abilities


You were on level 4 of the Dungeon.
You visited 1 branch of the dungeon, and saw 4 of its levels.

You collected 149 gold pieces.


Innate Abilities, Weirdness & Mutations

You have a pair of horns on your head.
You reflexively headbutt those who attack you in melee.


   Skills:
 - Level 3.0 Fighting
 + Level 5.5 Ranged Weapons
 - Level 1.5 Armour
 - Level 2.1 Dodging
 - Level 1.0 Spellcasting
 - Level 2.0 Hexes


You had 5 spell levels left.
You knew the following spells:

 Your Spells              Type           Power      Damage    Failure   Level
a - Slow                  Hex            16%        N/A       32%         1

Your spell library contained the following spells:

 Spells                   Type           Power      Damage    Failure   Level
 Inner Flame              Hex/Fire       2%         N/A       82%         3
 Portal Projectile        Hex/Tloc       4%         N/A       82%         3
 Cause Fear               Hex            2%         N/A       97%         4

Inventory:

Hand Weapons
 Y - a +2 sling (weapon)
Armour
 c - a +1 pair of gloves (worn)
 f - a +0 ring mail (worn)
Jewellery
 d - a ring of fire
Scrolls
 a - a scroll of identify
Potions
 b - a potion of magic {unknown}
 e - a potion of haste
 h - a potion of heal wounds {unknown}
 i - a potion of brilliance {unknown}
 j - a potion of enlightenment

Dungeon Overview and Level Annotations

Branches:
Dungeon (4/15)
 Temple: D:4-7

Altars:
Ashenzari
Elyvilon
Hepliaklqana
Qazlal
Trog


Message History

The orc priest looks encouraged for a moment.
The jelly hits you.
You are splashed with acid!
You shoot a sling bullet. The sling bullet hits the jelly!
You kill the jelly!
The orc hits you but does no damage.
You shoot a sling bullet. The sling bullet hits the orc.
The orc is lightly wounded.
The orc hits you but does no damage.
You shoot a sling bullet.
The sling bullet closely misses the orc.
The goblin closely misses you. The orc hits you with a +0 short sword.
You shoot a sling bullet. The sling bullet hits the orc.
The orc is almost dead.
The goblin barely misses you. The orc closely misses you.
The goblin hits you but does no damage. The orc hits you with a +0 short sword.
You shoot a sling bullet.
The sling bullet closely misses the orc.
The goblin closely misses you. The orc hits you but does no damage.
You shoot a sling bullet. The sling bullet hits the orc.
You kill the orc!
You hear a shout!
The goblin hits you with a +0 club.
You shoot a sling bullet. The sling bullet hits the orc priest.
The orc priest is moderately wounded.
You hear a shout!
An orc comes into view. It is wielding a +0 dagger.
The orc priest hits you with a +0 short sword.
The goblin barely misses you.
The orc priest hits you but does no damage.
The goblin barely misses you.
You shoot a sling bullet.
The sling bullet completely misses the orc priest.
The goblin hits you with a +0 club.
The orc priest casts a cantrip, but nothing happens.
You shoot a sling bullet. The sling bullet hits the orc priest.
The orc priest is heavily wounded.
The goblin barely misses you.
The orc priest invokes the aid of Beogh against you.
Beogh smites you!
You die...

.. .. ##........## ##.#.. ..
...........## #..#.#..#
#........... .....#..#.#
#..........# ###.........##
#..........# #.............
...........# #.............
.......%.%######.............
#......<.....@o#.>..........!
#..........###go.............
#..........##.o#.............
...........#...#.....!....)..
..........(..#.#.............
..#####.....##...............
. #...#..##.#......#...$.
#...##........######### #..##
#.......#


You could see an orc priest, 2 orcs and a goblin.

Vanquished Creatures
  A jelly (D:4)
  5 adders
  4 worms
  2 dart slugs
  14 orcs
  8 bats
  12 endoplasms
  3 giant cockroaches
  7 goblins
  6 hobgoblins
  6 jackals (D:1)
  2 kobolds (D:2)
  5 quokkas
  2 ball pythons
  4 frilled lizards
  4 rats
85 creatures vanquished.

Notes
Turn   | Place    | Note
-------+----------+-------------------------------------------
     0 | D:1      | qw the Minotaur Hexslinger began the quest for the Orb.
     0 | D:1      | Reached XP level 1. HP: 16/16 MP: 1/1
     0 | D:1      | 0 ||| qw: Version: 0.3-a-41-g9d075ac
     0 | D:1      | 0 ||| qw: Game counter: 707
     0 | D:1      | 0 ||| qw: Melee chars always use a shield: true
     0 | D:1      | 0 ||| qw: God list: Okawaru
     0 | D:1      | 0 ||| qw: Allow faded altars: false
     0 | D:1      | 0 ||| qw: Do Orc after clearing Dungeon:15 true
     0 | D:1      | 0 ||| qw: Do second Lair branch before Depths: true
     0 | D:1      | 0 ||| qw: Lair rune preference: random
     0 | D:1      | 0 ||| qw: Goals: Normal
     0 | D:1      | 0 ||| PLANNING D:1-11
    27 | D:1      | HP: 4/16 [frozen (2)]
    73 | D:1      | 73 ||| FLEEEEING.
    74 | D:1      | 74 ||| FLEEEEING.
    75 | D:1      | 75 ||| FLEEEEING.
    82 | D:1      | Reached skill level 3 in Ranged Weapons
    82 | D:1      | Reached XP level 2. HP: 21/23 MP: 2/2
   475 | D:1      | Reached XP level 3. HP: 29/29 MP: 3/3
   515 | D:1      | 515 ||| UPGRADING to +0 ring mail.
   531 | D:1      | 531 ||| DROPPING +0 robe.
   532 | D:1      | 532 ||| READING 2 scrolls labelled FUYSUH GATODGH.
   533 | D:1      | 533 ||| READING scroll labelled AGGOZI MIW QUFE.
   534 | D:1      | 534 ||| READING scroll labelled NUBLAD QIOFETZ.
   535 | D:1      | 535 ||| DRINKING 2 sedimented clear potions.
   580 | D:1      | 580 ||| DROPPING scroll of poison.
   581 | D:1      | 581 ||| DROPPING potion of lignification.
   650 | D:2      | Reached skill level 4 in Ranged Weapons
   736 | D:2      | Identified the +0 spear of Change {heavy, rElec Str+6}
   912 | D:2      | Reached skill level 1 in Armour
  1212 | D:2      | Identified the +6 war axe "Lizush" {protect, rC+}
  1284 | D:2      | Reached XP level 4. HP: 36/36 MP: 4/4
  1489 | D:2      | 1489 ||| UPGRADING to +0 pair of gloves.
  1494 | D:2      | 1494 ||| READING scroll labelled FAUS MOEDEHA.
  1495 | D:2      | 1495 ||| READING scroll labelled BIAWANISSYSS.
  1496 | D:2      | 1496 ||| READING scroll labelled LOPLIL WOYRORY.
  1497 | D:2      | 1497 ||| READING scroll labelled CUN ISELEREU.
  1498 | D:2      | 1498 ||| READING scroll labelled VISOER ESAEHOMEU.
  1499 | D:2      | 1499 ||| DRINKING 4 cyan potions.
  1500 | D:2      | 1500 ||| DROPPING 3 potions of attraction.
  1533 | D:3      | Found a white marble altar of Elyvilon.
  1533 | D:3      | Found a bloodstained altar of Trog.
  1601 | D:3      | Found a stormy altar of Qazlal.
  1609 | D:3      | Found a hazy altar of Hepliaklqana.
  1912 | D:3      | Reached skill level 5 in Ranged Weapons
  2005 | D:3      | Reached XP level 5. HP: 42/42 MP: 5/5
  2048 | D:3      | 2048 ||| READING scroll of enchant armour.
  2048 | D:3      | 2048 ||| ENCHANTING +0 pair of gloves.
  2082 | D:3      | Found a faded altar of an unknown god.
  2221 | D:3      | Found a broken altar of Ashenzari.
  2266 | D:3      | 2266 ||| READING scroll labelled EFENEOMOLO.
  2267 | D:3      | 2267 ||| READING scroll labelled LULECK RIROUMN.
  2270 | D:3      | 2270 ||| DRINKING 2 bubbling pink potions.
  2271 | D:3      | 2271 ||| DRINKING 2 bubbling sapphire potions.
  2295 | D:4      | Reached skill level 3 in Fighting
  2410 | D:4      | 2410 ||| FLEEEEING.
  2411 | D:4      | 2411 ||| FLEEEEING.
  2412 | D:4      | 2412 ||| FLEEEEING.
  2413 | D:4      | 2413 ||| FLEEEEING.
  2414 | D:4      | 2414 ||| FLEEEEING.
  2415 | D:4      | 2415 ||| FLEEEEING.
  2416 | D:4      | 2416 ||| FLEEEEING.
  2417 | D:4      | 2417 ||| FLEEEEING.
  2426 | D:4      | HP: 11/45 [goblin/+0 club (2)]
  2429 | D:4      | Killed from afar by an orc priest

Levels and vault maps discovered:
D:1:      roderic_crop_circles_arrival_large, layout_rooms, chequers_mini_garden
D:2:      layout_loops_corners
D:3:      layout_rooms, nicolae_overflow_macrodata_refinement,
          amcnicky_altar_gilded, dreamdust_ecumenical_altar_grove, st_stairs_6,
          chequers_serial_rivers_micro_b, minmay_cupped
D:4:      layout_rooms, grunt_temple_overflow_growth_and_decay,
          minmay_tree_intersection, kennysheep_generic_room_15

Skill      XL: |  1  2  3  4  5 |
---------------+----------------+-----
Ranged Weapons | 3 4 5 |  5.5
Fighting       | 2 3 |  3.0
Armour         | 1 |  1.5
Dodging        | |  2.1
Spellcasting   | |  1.0
Hexes          | |  2.0

Action                     |  1- 3 |  4- 6 || total
---------------------------+-------+-------++-------
   Fire: Sling             |   117 |   154 ||   271
    Use: Scroll            |     3 |     8 ||    11
         Potion            |     1 |     3 ||     4
 Armour: Robe              |     7 |       ||     7
         Ring mail         |    16 |    34 ||    50
  Dodge: Dodged            |    42 |    47 ||    89

Table legend:
 A = Non-vault XP
 B = Vault XP
 C = Vault XP percentage of total XP
 D = Non-vault monster count
 E = Vault monster count
 F = Vault count percentage of total count
                 A         B        C        D         E       F
            +---------+---------+-------+---------+---------+-------
      Total |     250 |      30 |  10.7 |      81 |       4 |   4.7
            +---------+---------+-------+---------+---------+-------
        D:1 |      45 |       0 |   0.0 |      23 |       0 |   0.0
        D:2 |      57 |       0 |   0.0 |      20 |       0 |   0.0
        D:3 |      87 |      30 |  25.6 |      30 |       4 |  11.8
        D:4 |      61 |       0 |   0.0 |       8 |       0 |   0.0
            +---------+---------+-------+---------+---------+-------
